 Dungeon Crawl Stone Soup version 0.21.1-1-g345015fe64 (webtiles) character file.

1692 Peloso the Carver (level 8, -19/71 HPs)
             Began as a Minotaur Fighter on Mar 28, 2018.
             Demolished by Barra97's ghost (21 damage)
             ... on level 6 of the Dungeon.
             The game lasted 00:11:11 (4200 turns).

Peloso the Carver (Minotaur Fighter)                Turns: 4200, Time: 00:11:11

Health: -19/71     AC: 15    Str: 27    XL:     8   Next: 72%
Magic:  16/16      EV:  9    Int:  5    God:
Gold:   299        SH:  7    Dex: 11    Spells: 7/7 levels left

rFire    + . .     SeeInvis .   a - +0 long sword
rCold    + . .     Gourm    .   c - +2 buckler
rNeg     . . .     Faith    +   b - +0 plate armour
rPois    +         Spirit   .   (helmet restricted)
rElec    +         Reflect  .   q - scarf {cloud immunity}
rCorr    +         Harm     .   g - +1 pair of gloves
MR       .....                  (no boots)
Stlth    ..........             e - amulet of faith
HPRegen  0.21/turn              s - ring of magical power
MPRegen  0.15/turn              p - +1 ring of evasion

@: mighty, resistant
A: retaliatory headbutt, horns 2
a: no special abilities


You were on level 6 of the Dungeon.
You were hungry.

You visited 1 branch of the dungeon, and saw 6 of its levels.
You also visited: Sewer.

You collected 299 gold pieces.

Inventory:

Hand Weapons
 a - a +0 long sword (weapon)
Armour
 b - a +0 plate armour (worn)
 c - a +2 buckler (worn)
 g - a +1 pair of gloves (worn)
 q - a scarf of cloud immunity (worn)
 r - a +0 cloak
Jewellery
 e - an amulet of faith (around neck)
 l - an uncursed ring of protection from cold
 p - a +1 ring of evasion (right hand)
 s - a ring of magical power (left hand)
Wands
 n - a wand of disintegration (13)
 o - a wand of flame (14)
Scrolls
 i - 8 scrolls of identify
 j - 2 scrolls of fear
 k - 2 scrolls of blinking
 m - 2 scrolls of amnesia
 t - a scroll of enchant armour
 w - a scroll of remove curse
Potions
 h - a potion of agility
Books
 u - a book of Air

   Spells                             Type                      Level
   a - Shock                          Conjuration/Air              1
   b - Swiftness                      Charms/Air                   2
   c - Static Discharge               Conjuration/Air              3
   d - Airstrike                      Air                          4
   e - Lightning Bolt                 Conjuration/Air              5
Comestibles
 f - 11 rations


   Skills:
 + Level 6.4 Fighting
 + Level 9.2 Long Blades
 + Level 6.3 Armour
 + Level 2.3 Dodging
 + Level 0.6 Stealth
 + Level 6.7 Shields


You had 7 spell levels left.
You didn't know any spells.

Dungeon Overview and Level Annotations

Branches:
Dungeon (6/15)             Temple (0/1) D:4

Altars:
Ashenzari
Qazlal

Annotations:
D:6 Barra97's ghost, novice TrBe


Innate Abilities, Weirdness & Mutations

You reflexively headbutt those who attack you in melee.
You have a pair of horns on your head.


Message History

Barra97's ghost is heavily damaged.
You block Barra97's ghost's attack.
Unknown command.
You closely miss Barra97's ghost. Your headbutt misses Barra97's ghost.
Barra97's ghost is heavily damaged.
Barra97's ghost hits you!
* * * LOW HITPOINT WARNING * * *
You closely miss Barra97's ghost.
Barra97's ghost is heavily damaged.
Barra97's ghost stares at you. You block Barra97's ghost's attack.
Unknown command.
It was a potion of resistance.
You feel protected.
Barra97's ghost hits you but does no damage.
You hit Barra97's ghost but do no damage.
You headbutt Barra97's ghost!
Barra97's ghost is heavily damaged.
Barra97's ghost hits you!!
You die...

#.#....... #. #.#...... ####.
#.##....# .....#####.##....#
.........#.##....# .
.........#.##....# #.
###............#.##....## #.
.>.....................# #.
###..........W@.#.#....#.#####.
.................#............
#............................
............................
#..####....#.......##.####.
#.<# #....#...<...+...###.
#.#####....#.......#.......
#..........+.......#.#.###.
#.#####....###.....#.#.###.


You could see Barra97's ghost.

Vanquished Creatures
  Prince Ribbit (D:6)
  Sigmund (D:5)
  3 ogres
  2 bullfrogs (Sewer)
  3 scorpions (D:4)
  A howler monkey (D:5)
  2 hounds (D:5)
  A jelly (D:6)
  A bullfrog skeleton (D:5)
  3 orc priests
  5 orc wizards
  7 worker ants
  4 gnolls (D:4)
  6 adders
  A shadow imp (D:5)
  2 oozes
  3 worms
  3 dart slugs
  12 leopard geckos
  15 orcs
  8 bats
  17 giant cockroaches
  10 goblins
  5 hobgoblins
  3 jackals (D:5)
  7 kobolds
  A quokka (D:5)
  3 ball pythons
  14 frilled lizards
  A quokka skeleton (D:4)
  7 rats
152 creatures vanquished.

Notes
Turn   | Place    | Note
-------+----------+-------------------------------------------
     0 | D:1      | Peloso the Minotaur Fighter began the quest for the Orb.
     0 | D:1      | Reached XP level 1. HP: 19/19 MP: 0/0
   244 | D:1      | Reached XP level 2. HP: 24/27 MP: 1/1
   637 | D:1      | Reached XP level 3. HP: 31/33 MP: 2/2
   832 | D:2      | Reached skill level 3 in Long Blades
   961 | D:2      | Reached XP level 4. HP: 24/41 MP: 3/3
   962 | D:2      | Reached skill level 1 in Dodging
   963 | D:2      | Found a stormy altar of Qazlal.
  1889 | D:4      | Reached skill level 4 in Long Blades
  1889 | D:4      | Reached XP level 5. HP: 44/47 MP: 4/4
  1921 | D:4      | Noticed an ogre
  1926 | D:4      | Killed an ogre
  1926 | D:4      | Reached skill level 5 in Armour
  1926 | D:4      | Reached XP level 6. HP: 50/53 MP: 5/5
  2006 | D:4      | Reached skill level 5 in Shields
  2011 | D:4      | Reached skill level 5 in Long Blades
  2030 | D:4      | Found a shattered altar of Ashenzari.
  2114 | D:4      | Reached skill level 6 in Long Blades
  2154 | D:4      | Reached XP level 7. HP: 21/60 MP: 6/6
  2255 | D:4      | Found a glowing drain.
  2272 | Sewer    | Entered a sewer
  2526 | Sewer    | Reached skill level 7 in Long Blades
  2877 | D:4      | Reached skill level 5 in Fighting
  2985 | D:4      | Found a staircase to the Ecumenical Temple.
  3242 | D:5      | Entered Level 5 of the Dungeon
  3247 | D:5      | Reached skill level 8 in Long Blades
  3290 | D:5      | Reached XP level 8. HP: 61/69 MP: 7/7
  3389 | D:5      | Noticed Sigmund
  3416 | D:5      | Killed Sigmund
  3454 | D:5      | Noticed Prince Ribbit
  4147 | D:6      | Killed Prince Ribbit
  4147 | D:6      | Reached skill level 9 in Long Blades
  4186 | D:6      | Noticed Barra97's ghost (novice TrBe)
  4197 | D:6      | HP: 1/71 [Barra97's ghost (13)]
  4200 | D:6      | Demolished by Barra97's ghost

Skill      XL: |  1  2  3  4  5  6  7  8 |
---------------+-------------------------+-----
Armour         | 4 5 6 |  6.3
Fighting       | 4 5 6 |  6.4
Shields        | 4 5 6 |  6.7
Long Blades    | 3 4 6 8 9 |  9.2
Dodging        | 1 2 |  2.3
Stealth        | |  0.6

Action                   |  1- 3 |  4- 6 |  7- 9 || total
-------------------------+-------+-------+-------++-------
Melee: Long sword        |    99 |   121 |   245 ||   465
       Headbutt          |    13 |    24 |    45 ||    82
  Use: Scroll            |       |     6 |     2 ||     8
       Potion            |       |       |     4 ||     4
  Eat: Chunk             |       |     4 |     7 ||    11
Armor: Scale mail        |    43 |    33 |    26 ||   102
       Plate armour      |       |       |    55 ||    55
Dodge: Dodged            |    30 |    51 |   100 ||   181
Block: Shield            |    41 |       |       ||    41
       Buckler           |     6 |    40 |    76 ||   122
       Rpst.: Long sword |     7 |    19 |    27 ||    53
